AoeStats
← Nexblux

Arena

506079601Analyzed
2v2 RM · 21d ago on Sep 12, 2026· 50m 51s· 4 players
Game mode
Random Map
Map size
Medium (4 player)
Population
200
Speed
Normal
Resources
Standard
Victory
Conquest
Starting age
Dark Age
Ending age
Imperial Age
RankedLock teamsTeams togetherTeam positionsShared explorationLock speedFull tech treeHidden civsTurbo modeCheats
Victory
Defeat
🇲🇽 Poles · Mexico
1193
+10
🇦🇷 Hindustanis · Argentina
951
+19
🇦🇹 Goths · Austria
1131
-18
🇦🇺 Italians · Australia
960
-11
FlashKiller
10:31 Feudal Age
8:46 Loom
14:49 Castle Age
12:56 Double-Bit Axe
13:34 Horse Collar
13:49 Fletching
15:46 Wheelbarrow
16:14 Bow Saw
24:32 Forging
25:35 Heavy Plow
26:13 Gold Mining
27:16 Iron Casting
26:47 Scale Barding Armor
30:01 Imperial Age
28:22 Hand Cart
28:35 Szlachta Privileges
29:52 Chain Barding Armor
29:29 Town Watch
30:03 Bloodlines
29:54 Husbandry
31:25 Stone Mining
31:06 Cavalier
38:26 Blast Furnace
37:27 Scale Mail Armor
40:28 Squires
40:13 Arson
40:46 Chain Mail Armor
43:57 Chemistry
43:03 Siege Engineers
42:44 Elite Obuch
45:23 Conscription
48:53 Stone Shaft Mining
47:48 Light Cavalry
49:35 Plate Mail Armor
49:21 Fortified Wall
49:30 Winged Hussar
Nexblux
10:56 Feudal Age
10:41 Loom
11:30 Double-Bit Axe
16:54 Castle Age
15:33 Stone Mining
17:29 Gold Mining
17:21 Horse Collar
18:16 Bow Saw
19:54 Heavy Plow
20:45 Wheelbarrow
20:34 Town Watch
23:01 Gold Shaft Mining
24:14 Fletching
24:25 Padded Archer Armor
25:52 Grand Trunk Road
26:10 Scale Barding Armor
26:29 Scale Mail Armor
27:46 Ballistics
30:30 Imperial Age
28:22 Bodkin Arrow
28:43 Leather Archer Armor
29:25 Hand Cart
29:10 Town Patrol
31:34 Town Patrol
32:50 Chemistry
32:47 Shatagni
35:32 Onager
47:15 Heavy Camel Rider
47:18 Light Cavalry
48:08 Bloodlines
47:58 Husbandry
Wellen_Willi
9:02 Feudal Age
9:30 Double-Bit Axe
9:29 Horse Collar
17:09 Castle Age
14:50 Man-at-Arms
15:38 Gold Mining
17:39 Wheelbarrow
18:10 Squires
19:28 Bow Saw
21:06 Stone Mining
28:00 Hand Cart
28:31 Loom
33:05 Imperial Age
30:21 Town Watch
30:39 Scale Mail Armor
30:13 Long Swordsman
31:58 Chain Mail Armor
31:18 Pikeman
32:16 Forging
33:05 Town Patrol
33:22 Two-Handed Swordsman
34:39 Iron Casting
34:29 Halberdier
40:07 Illumination
41:03 Anarchy
41:25 Conscription
41:31 Champion
44:31 Heavy Plow
47:15 Fletching
Admw
9:49 Feudal Age
14:31 Castle Age
12:45 Double-Bit Axe
12:40 Horse Collar
16:04 Bow Saw
15:57 Heavy Plow
22:37 Stone Mining
23:27 Gold Mining
24:07 Loom
24:58 Wheelbarrow
24:12 Town Watch
28:31 Imperial Age
26:18 Hand Cart
26:09 Scale Mail Armor
26:21 Forging
26:46 Fletching
26:57 Padded Archer Armor
27:19 Ballistics
27:06 Thumb Ring
27:41 Stone Shaft Mining
28:06 Bodkin Arrow
28:29 Leather Archer Armor
30:26 Chemistry
29:52 Bracer
30:22 Ring Archer Armor
30:24 Elite Genoese Crossbowman
31:48 Scale Mail Armor
31:58 Forging
31:51 Squires
32:37 Hoardings
33:00 Chain Mail Armor
35:19 Iron Casting
35:43 Conscription
37:11 Masonry
38:10 Plate Mail Armor
41:36 Blast Furnace
42:45 Bloodlines
42:36 Husbandry
41:57 Light Cavalry
42:44 Scale Barding Armor
43:52 Chain Barding Armor
45:05 Caravan
45:28 Silk Road
45:23 Cavalier
46:40 Plate Barding Armor
49:32 Capped Ram
Connection lost

Rejoining the realm…

Still unreachable

The connection could not be restored.

Session expired

The server has moved on; the page needs a fresh start.